 Dungeon Crawl Stone Soup version 0.29-a0-824-gd827844252 (webtiles) character file.

Game seed: 13478643732443042291

31 Malachi the Shooter (level 3, -3/24 HPs)
             Began as an Octopode Hunter on July 10, 2022.
             Slain by a quokka (4 damage)
             ... on level 2 of the Dungeon.
             The game lasted 00:00:55 (669 turns).

Malachi the Shooter (Octopode Hunter)                Turns: 669, Time: 00:00:56

Health: -3/24      AC:  1    Str: 10    XL:     3   Next: 22%
Magic:  3/3        EV: 13    Int: 11    God:
Gold:   60         SH:  0    Dex: 17    Spells: 2/2 levels left

rFire   . . .      SeeInvis .   (no weapon)
rCold   . . .      Faith    .   (no shield)
rNeg    . . .      Spirit   .   (helmet restricted)
rPois   .          Reflect  .   (no amulet)
rElec   .          Harm     .   (no ring)
rCorr   .          Rampage  .   (no ring)
Will    .....                   (no ring)
Stlth   +++.......              (no ring)
HPRegen 0.08/turn               (no ring)
MPRegen 0.08/turn               (no ring)
                                (no ring)
                                (no ring)

@: no status effects
A: almost no armour, amphibious, 8 rings, camouflage 1, gelatinous body 1,
(nimble swimmer 1), tentacles
a: no special abilities


You were on level 2 of the Dungeon.
You visited 1 branch of the dungeon, and saw 2 of its levels.

You collected 60 gold pieces.

Inventory:

Hand Weapons
 a - a +0 shortbow
Magical Staves
 c - a staff of fire
Scrolls
 b - a scroll of immolation
 e - a scroll of fear {unknown}
 f - a scroll of noise {unknown}
Potions
 d - a potion of lignification {unknown}


   Skills:
 - Level 2.0 Fighting
 * Level 5.0 Ranged Weapons
 - Level 2.0 Dodging
 - Level 1.3 Stealth


You had 2 spell levels left.
You didn't know any spells.
Your spell library was empty.

Dungeon Overview and Level Annotations

Branches:
Dungeon (2/15)

Altars:

Shops:
D:1 !


Innate Abilities, Weirdness & Mutations

You cannot wear most types of armour.
You are amphibious.
You can wear up to eight rings at the same time.
Your skin changes colour to match your surroundings (Stealth+).
Your rubbery body absorbs attacks. (AC +1, EV +1)
((You are camouflaged when in or above water. (Stealth+)))
You have tentacles for arms and can constrict up to eight enemies at once.


Message History

A worm is nearby!
You shoot an arrow. The arrow hits the worm!
The worm is heavily wounded.
A quokka comes into view.
You shoot an arrow. The arrow hits the worm!
The worm is almost dead.
The worm bites you!
You shoot an arrow.
The arrow hits the worm but does no damage.
The worm is almost dead.
The worm closely misses you.
You shoot an arrow.
The arrow hits the worm but does no damage.
The worm is severely wounded.
The worm bites you!
* * * LOW HITPOINT WARNING * * *
You are too injured to fight recklessly!
You are too injured to fight recklessly!
You are too injured to fight recklessly!
You are too injured to fight recklessly!
Unknown command.
You are now empty-tentacled.
Really attack while wielding nothing? [Y]es or [N]o only, please.
Really attack while wielding nothing? [Y]es or [N]o only, please.
Really attack while wielding nothing? [Y]es or [N]o only, please.
Really attack while wielding nothing?
Okay, then.
Really attack while wielding nothing?
You completely miss the worm. Your grab misses the worm.
The worm is severely wounded.
The quokka bites you.
* * * LOW HITPOINT WARNING * * *
You tentacle-slap the worm but do no damage.
You grab the worm. You squeeze the worm.
You kill the worm!
The quokka bites you.
You die...

..#..........##
............[...
...............#
.................
#..##.....#...#.####.
#..##.........#.....
.)##.♣.♣♣#.#.#.#.## .#
#.##.♣..♣♣......r.#....
#.##.♣.♣.♣ ##.#@.?.....
#..#)♣♣.♣♣♣♣....#.#....
#...#♣♣..P♣♣.#### # .
##..# ♣♣♣....# #..#
♣♣PP♣## #..# #.#.#
##.## #.... #..# #.#.#.
#..# #.#...#


You could see a quokka.

Vanquished Creatures
  A worm (D:2)
  A dart slug (D:1)
  2 ball pythons (D:1)
  4 endoplasms (D:1)
  2 hobgoblins (D:1)
  2 jackals (D:1)
  4 kobolds
  3 quokkas (D:1)
  5 bats
  A frilled lizard (D:1)
  A goblin (D:1)
  A rat (D:1)
27 creatures vanquished.

Notes
Turn   | Place    | Note
-------+----------+-------------------------------------------
     0 | D:1      | Malachi the Octopode Hunter began the quest for the Orb.
     0 | D:1      | Reached XP level 1. HP: 14/14 MP: 1/1
   145 | D:1      | Reached XP level 2. HP: 19/19 MP: 2/2
   336 | D:1      | Found Uquacaso's Distillery.
   386 | D:1      | Reached XP level 3. HP: 24/24 MP: 3/3
   430 | D:1      | Found a faded altar of an unknown god.
   488 | D:1      | Reached skill level 5 in Ranged Weapons
   668 | D:2      | HP: 1/24 [quokka (5)]
   669 | D:2      | Slain by a quokka

Illustrated notes

Levels and vault maps discovered:
D:1:      saegor_arrival_simple_c, layout_loops_ring, serial_shops, shop,
          hellmonk_ecumenical_altar_leap_of_faith
D:2:      minmay_wonky_spiral, layout_basic, serial_forest,
          infiniplex_forest_end_2, infiniplex_forest_lined_corner,
          infiniplex_forest_lined_3, infiniplex_forest_lined_ring,
          infiniplex_forest_join, infiniplex_forest_corner_2,
          chequers_serial_rivers_large_a, grunt_decor_one_mirror, minmay_vboxes

Skill      XL: |  1  2  3 |
---------------+----------+-----
Ranged Weapons | 5 |  5.0
Fighting       | |  2.0
Dodging        | |  2.0
Stealth        | |  1.3

Action                   || total
-------------------------++-------
Melee: Unarmed           ||     2
       Constrict         ||     1
       Tentacles         ||     1
 Fire: Shortbow          ||    60
Armor: Skin              ||     1
Dodge: Dodged            ||     6

Table legend: (Time is in decaauts)
 A = Elapsed time spent in this place.
 B = Non-inter-level travel time spent in this place.
 C = Inter-level travel time spent in this place.
 D = Time resting spent in this place.
 E = Time spent auto-exploring this place.
 F = Levels seen in this place.
 G = Mean time per level.
                   A        B        C        D        E       F      G
               +--------+--------+--------+--------+--------+-----+--------+
         Total |    684 |    670 |     14 |      0 |    545 |   2 |  342.0 |
       Dungeon |    684 |    670 |     14 |      0 |    545 |   2 |  342.0 |
               +--------+--------+--------+--------+--------+-----+--------+

Top non-repeatable levels by time:
     D:1: 605 daAuts
     D:2: 78 daAuts
